 Dungeon Crawl Stone Soup version 0.24-a0-439-g6dd8730de2 (webtiles) character file.

Game seed: 4126688672816960493

14861 KristoblXynda the Covert (level 12, -9/105 HPs)
             Began as a Naga Fighter on June 18, 2019.
             Was a Believer of Ashenzari.
             Mangled by Snorg (19 damage)
             ... on level 12 of the Dungeon.
             The game lasted 00:30:51 (15836 turns).

KristoblXynda the Covert (Naga Fighter)            Turns: 15836, Time: 00:30:52

Health: -9/105     AC: 11    Str: 20    XL:     12   Next: 21%
Magic:  15/15      EV: 11    Int: 13    God:    Ashenzari [**....]
Gold:   541        SH: 11    Dex: 13    Spells: 11/11 levels left

rFire    + . .     SeeInvis +   a - +0 long sword (vamp) (curse)
rCold    . . .     Gourm    .   m - +0 shield (curse)
rNeg     . . .     Faith    .   j - +0 troll leather armour (curse)
rPois    +         Spirit   .   q - +1 helmet
rElec    .         Reflect  .   (no cloak)
rCorr    .         Harm     .   v - +0 pair of gloves {Dex+3}
MR       +....                  (no barding)
Stlth    +++++.....             (no amulet)
HPRegen  0.67/turn              e - ring of protection from fire
MPRegen  0.14/turn              b - +4 ring of slaying

@: about to teleport, very slow
A: large, see invisible, deformed body, poison resistance, slowness 2, slow
metabolism 1, spit poison 1, AC +4
a: Spit Poison, Curse Item, Scrying, Renounce Religion


You were on level 12 of the Dungeon.
You worshipped Ashenzari.
Ashenzari was pleased with you.
You were hungry.

You visited 2 branches of the dungeon, and saw 13 of its levels.

You collected 577 gold pieces.
You spent 36 gold pieces at shops.

Inventory:

Hand Weapons
 a - a cursed +0 vampiric long sword (weapon)
 i - a +1 hand axe of flaming
 w - a +1 scimitar
Armour
 j - a cursed +0 troll leather armour (worn)
 m - a cursed +0 shield (worn)
 q - a +1 helmet (worn)
 r - a +2 scale mail of magic resistance
 v - a +0 pair of gloves of dexterity (worn)
Jewellery
 b - a +4 ring of slaying (right hand)
 e - a ring of protection from fire (left hand)
Wands
 c - a wand of enslavement (10)
 g - a wand of random effects (12)
Scrolls
 h - 2 scrolls of identify
 o - a scroll of amnesia
 s - a scroll of blinking
 t - 3 scrolls of immolation
Potions
 d - 2 potions of might
 k - 5 potions of curing
 l - 2 potions of brilliance
 p - a potion of flight
 u - a potion of agility
 x - 6 potions of haste
Comestibles
 f - 21 rations
 z - 2 chunks of flesh


   Skills:
 + Level 6.2 Fighting
 - Level 9.9(12.0) Long Blades
 + Level 7.6 Armour
 + Level 4.4 Dodging
 + Level 11.8 Stealth
 - Level 7.7(9.2) Shields
 + Level 4.3 Evocations


You had 11 spell levels left.
You didn't know any spells.
Your spell library contained the following spells:

 Spells                   Type           Power        Failure   Level  Hunger
 Beastly Appendage        Tmut           #.....       34%         1    ##.....
 Sticks to Snakes         Tmut           #.......     47%         2    ###....
 Spider Form              Tmut/Pois      #.........   71%         3    ####...
 Ice Form                 Ice/Tmut       #.......     98%         4    #####..
 Blade Hands              Tmut           #.........   100%        5    ######.


Dungeon Overview and Level Annotations

Branches:
Dungeon (12/15)            Temple (1/1) D:4             Orc (0/2) D:12
   Lair: D:8-11

Altars:
Ashenzari
Cheibriados
Dithmenos
Elyvilon
Fedhas
Gozag
Hepliaklqana
Kikubaaqudgha
Makhleb
Nemelex Xobeh
Okawaru
Qazlal
Ru
Sif Muna
Trog
Uskayaw
Vehumet
Wu Jian
Xom
Yredelemnul
Zin
The Shining One
Jiyva

Shops:
D:4 }(?*

Annotations:
D:9 2 transporters, Ratty's ghost, novice DENe
D:12 Snorg


Innate Abilities, Weirdness & Mutations

You cannot wear boots.
Your serpentine skin is tough. (AC +4)
You have supernaturally acute eyesight. (SInv)
Armour fits poorly on your strangely shaped body.
Your system is resistant to poisons. (rPois)
You cover ground very slowly.
You have a slow metabolism.
You can spit poison.


Message History

Snorg bites you!! Snorg claws you. You block Snorg's attack.
Some of the chunks of flesh in your inventory have rotted away.
You slash Snorg!
Snorg is lightly wounded.
You block Snorg's attack. Snorg claws you! You block Snorg's attack.
Snorg rages.
Snorg bites you!!
* * * LOW HITPOINT WARNING * * *
Snorg claws you but does no damage. Snorg barely misses you.
Your surroundings suddenly seem different.
You hear a shout!
You start resting.
Snorg is too close now for your liking.
As you read the scroll of teleportation, it crumbles to dust.
You feel strangely unstable.
You are feeling hungry.
You block Snorg's attack. Snorg claws you!!
* * * LOW HITPOINT WARNING * * *
Snorg claws you!!
You die...

#.,, #...>...... #..
#..........
#...########..........
*
#.....................
,......................
..........)..#####'###
* *
....######...#.......#
,
...,+....#.###.......#
..,,#@...#.#.........#
, ,.
,#.T..#H#......)..# , ,
, , #....#.###########
, ,#...H'............ ,
, ,, ,
######............ , ,
,................. , ,
,, ........########' ,
, ,...#####.#........ ,
, #., , #.#........


You could see Snorg (berserk) and a hippogriff.

Vanquished Creatures
  A hydra (D:9)
  2 two-headed ogres (D:9)
  An unseen horror (D:12)
  A centaur zombie (D:10)
  A gargoyle (D:10)
  2 centaur skeletons
  3 trolls
  2 dream sheep (D:9)
  3 hippogriffs
  2 wraiths (D:11)
  A water elemental (D:11)
  11 yaks
  A hungry ghost (D:7)
  A steam dragon (D:11)
  2 vampire mosquitoes (D:10)
  A soldier ant (D:10)
  5 orc warriors
  2 ice beasts
  4 phantoms
  3 sky beasts
  6 ogres
  A wolf (D:10)
  21 centaurs
  2 crocodiles (D:11)
  4 big kobolds
  7 bullfrogs
  A wyvern skeleton (D:12)
  7 scorpions
  4 killer bees (D:12)
  5 wights (D:8)
  2 electric eels
  2 howler monkeys (D:11)
  5 crimson imps
  A jelly (D:12)
  A bullfrog zombie (D:8)
  8 orc priests
  14 hounds
  2 bullfrog skeletons
  Natasha (thrice) (D:4)
  4 iguanas
  8 orc wizards
  6 worker ants
  A killer bee zombie (D:9)
  A hound skeleton (D:7)
  17 adders
  2 shadow imps
  2 worms
  2 dart slugs
  3 leopard geckos
  27 orcs
  2 ball pythons (D:3)
  6 giant cockroaches
  4 goblins
  5 hobgoblins
  8 jackals
  10 kobolds
  7 quokkas
  A ball python skeleton (D:4)
  6 bats
  6 frilled lizards
  A giant cockroach zombie (D:6)
  A quokka skeleton (D:6)
  3 rats
  A rat zombie (D:9)
279 creatures vanquished.

Vanquished Creatures (others)
  5 toadstools (D:1)
5 creatures vanquished.

Grand Total: 284 creatures vanquished

Notes
Turn   | Place    | Note
-------+----------+-------------------------------------------
     0 | D:1      | KristoblXynda the Naga Fighter began the quest for the Orb.
     0 | D:1      | Reached XP level 1. HP: 21/21 MP: 1/1
   340 | D:1      | Reached XP level 2. HP: 22/28 MP: 2/2
   917 | D:2      | Reached XP level 3. HP: 34/34 MP: 3/3
  1434 | D:2      | Reached XP level 4. HP: 32/42 MP: 4/4
  2114 | D:3      | Found a white marble altar of Elyvilon.
  2114 | D:3      | Found a deep blue altar of Sif Muna.
  2117 | D:3      | Found a stormy altar of Qazlal.
  2730 | D:4      | Reached XP level 5. HP: 36/49 MP: 5/5
  2746 | D:4      | Noticed Natasha
  2750 | D:4      | Killed Natasha
  2752 | D:4      | Found Caibopn's Weapon Emporium.
  2956 | D:4      | Found Uwucosao's Gadget Shop.
  2975 | D:4      | Found Jiuvvebb's Magic Scroll Shop.
  2982 | D:4      | Bought a scroll of teleportation for 36 gold pieces
  2990 | D:4      | Noticed Natasha
  2998 | D:4      | Killed Natasha
  3232 | D:4      | Found a staircase to the Ecumenical Temple.
  3343 | D:4      | Reached XP level 6. HP: 56/56 MP: 6/6
  3407 | Temple   | Entered the Ecumenical Temple
  3483 | Temple   | Became a worshipper of Ashenzari the Shackled
  3646 | D:4      | Found Quhulups's General Store.
  3773 | D:4      | Noticed Natasha
  3781 | D:4      | Killed Natasha
  3861 | D:5      | Entered Level 5 of the Dungeon
  3979 | D:5      | Noticed a phantom
  4007 | D:5      | Killed a phantom
  4007 | D:5      | Reached skill level 5 in Long Blades
  4154 | D:5      | Noticed a sky beast
  4168 | D:5      | Killed a sky beast
  4168 | D:5      | Reached XP level 7. HP: 27/62 MP: 7/7
  5107 | D:5      | Reached skill level 1 in Stealth
  5241 | D:6      | Reached skill level 1 in Evocations
  5480 | D:6      | Reached skill level 2 in Stealth
  5480 | D:6      | Reached XP level 8. HP: 49/69 MP: 7/9
  5620 | D:6      | Reached skill level 3 in Stealth
  5816 | D:6      | Reached skill level 4 in Stealth
  6504 | D:7      | Reached skill level 5 in Stealth
  6504 | D:7      | Reached skill level 5 in Shields
  6512 | D:7      | Reached skill level 5 in Armour
  6826 | D:7      | Found a hide-covered altar of Uskayaw.
  6830 | D:7      | Noticed a +0 dagger
  6830 | D:7      | Noticed a +0 dagger
  6906 | D:7      | Reached XP level 9. HP: 66/75 MP: 10/10
  7163 | D:7      | Reached skill level 6 in Stealth
  7499 | D:7      | Found a sparkling altar of Nemelex Xobeh.
  7578 | D:7      | Reached * piety under Ashenzari
  7783 | D:8      | Reached skill level 7 in Stealth
  8310 | D:8      | Found a basalt altar of Yredelemnul.
  8338 | D:8      | Found a hazy altar of Hepliaklqana.
  8608 | D:8      | Reached skill level 8 in Stealth
  8995 | D:8      | Reached XP level 10. HP: 27/84 MP: 11/11
  9288 | D:8      | Found a snail-covered altar of Cheibriados.
  9288 | D:8      | Found a shimmering altar of Xom.
  9295 | D:8      | Found a shadowy altar of Dithmenos.
  9297 | D:8      | Found an ornate altar of the Wu Jian Council.
  9299 | D:8      | Found an iron altar of Okawaru.
  9612 | D:9      | Reached skill level 9 in Stealth
 10103 | D:9      | Noticed a two-headed hydra
 10112 | D:9      | Killed a one-headed hydra
 10138 | D:9      | Reached skill level 10 in Stealth
 10503 | D:9      | Noticed a two-headed ogre
 10515 | D:9      | Killed a two-headed ogre
 10863 | D:9      | Found a transporter.
 10865 | D:9      | Noticed Ratty's ghost (novice DENe)
 10869 | D:9      | Noticed a moth of wrath
 11144 | D:9      | Found an ancient bone altar of Kikubaaqudgha.
 11193 | D:9      | Found a transporter.
 11382 | D:9      | Noticed a two-headed ogre
 11397 | D:9      | HP: 3/84 [two-headed ogre/+0 giant club (17)]
 11398 | D:9      | Killed a two-headed ogre
 11398 | D:9      | Reached skill level 1 in Dodging
 11398 | D:9      | Reached XP level 11. HP: 3/91 MP: 12/12
 11765 | D:10     | Entered Level 10 of the Dungeon
 12553 | D:10     | Reached ** piety under Ashenzari
 13235 | D:10     | Reached skill level 5 in Fighting
 14606 | D:11     | Reached skill level 11 in Stealth
 15316 | D:12     | Found a staircase to the Orcish Mines.
 15354 | D:12     | Reached XP level 12. HP: 104/104 MP: 14/14
 15812 | D:12     | Noticed Snorg
 15836 | D:12     | Mangled by Snorg

Levels and vault maps discovered:
D:1:      ldierk_walled_garden, layout_loops_cross
D:2:      layout_loops_cross
D:3:      layout_loops_ring, grunt_temple_overflow_open, minmay_unequal
D:4:      layout_loops_corners, minmay_temple_entry_fiery, serial_shops,
          shop_statue, shop, kennysheep_mini_moat, shop, uniq_natasha
D:5:      layout_basic, first_ration, minmay_holes
D:6:      layout_cave_pools
D:7:      layout_basic, dancing_weapons_uskayaw, nicolae_overflow_crystal_walls
D:8:      layout_basic, chequers_temple_overflow_minitemple,
          chequers_temple_overflow_statue_of_worship, serial_glass,
          glass_columns_b, glass_columns_b, glass_columns_b, glass_columns_a,
          glass_columns_c
D:9:      layout_roguey, lemuel_zombie_altar_kikubaaqudgha,
          gammafunk_ghost_berserking_beasts, hangedman_ranch
          [blue_anna_fruit_fields]
D:10:     layout_loops_cross, erik_lair_island
D:11:     layout_basic
D:12:     layout_irregular_city, orc_0_dummy, uniq_snorg, uniq_frances
Temple:   pf_slime_end_temple

Skill      XL: |  1  2  3  4  5  6  7  8  9 10 11 12 |
---------------+-------------------------------------+-----
Long Blades    | 3 4 5 6 7 8 9 |  9.9
Shields        | 3 4 5 6 7 |  7.7
Armour         | 3 4 5 6 7 |  7.6
Stealth        | 2 5 8 10 11 | 11.8
Evocations     | 1 3 4 |  4.3
Dodging        | 1 4 |  4.4
Fighting       | 5 6 |  6.2

Action                   |  1- 3 |  4- 6 |  7- 9 | 10-12 || total
-------------------------+-------+-------+-------+-------++-------
Melee: Long sword        |   107 |   161 |   612 |   722 ||  1602
       Hand axe          |       |       |       |     8 ||     8
       Scimitar          |       |       |       |    66 ||    66
Invok: Curse Item        |       |       |       |     2 ||     2
 Abil: Spit Poison       |     7 |    11 |    39 |    49 ||   106
Evoke: Wand              |       |     1 |     4 |    21 ||    26
  Use: Scroll            |       |     4 |    10 |    10 ||    24
       Potion            |       |       |     5 |     3 ||     8
 Stab: Sleeping          |       |       |       |    10 ||    10
       Distracted        |       |       |       |     1 ||     1
  Eat: Chunk             |     1 |     6 |     9 |    14 ||    30
       Ration            |       |     1 |     5 |     2 ||     8
Armor: Scale mail        |    53 |    93 |   263 |    62 ||   471
       Skin              |       |       |    56 |    25 ||    81
       Troll leather arm |       |       |       |   179 ||   179
Dodge: Dodged            |    16 |    25 |   126 |   264 ||   431
Block: Shield            |    58 |    85 |   314 |   473 ||   930
       Rpst.: Long sword |     6 |     6 |    37 |    71 ||   120
       Scimitar          |       |       |       |     8 ||     8

Table legend:
 A = Non-vault XP
 B = Vault XP
 C = Vault XP percentage of total XP
 D = Non-vault monster count
 E = Vault monster count
 F = Vault count percentage of total count
                 A         B        C        D         E       F
            +---------+---------+-------+---------+---------+-------
      Total |   18421 |    2810 |  13.2 |     260 |      19 |   6.8
            +---------+---------+-------+---------+---------+-------
        D:1 |      20 |       0 |   0.0 |      11 |       0 |   0.0
        D:2 |      78 |       0 |   0.0 |      18 |       0 |   0.0
        D:3 |      53 |       7 |  11.7 |      16 |       4 |  20.0
        D:4 |     262 |      35 |  11.8 |      12 |       1 |   7.7
        D:5 |     573 |       0 |   0.0 |      17 |       0 |   0.0
        D:6 |     915 |       0 |   0.0 |      17 |       0 |   0.0
        D:7 |    1165 |       0 |   0.0 |      25 |       0 |   0.0
        D:8 |    1809 |       0 |   0.0 |      42 |       0 |   0.0
        D:9 |    3113 |    2235 |  41.8 |      16 |       9 |  36.0
       D:10 |    4161 |     533 |  11.4 |      26 |       5 |  16.1
       D:11 |    2948 |       0 |   0.0 |      36 |       0 |   0.0
       D:12 |    3324 |       0 |   0.0 |      24 |       0 |   0.0
            +---------+---------+-------+---------+---------+-------
